 Dungeon Sprint DCSS version 0.30-a0-172-gc5509c9e31 (webtiles) character file.

Game seed: 11829423045467368434

763 hellse the Martial Artist (level 7, 0/70 HPs)
             Began as a Gnoll Transmuter on Oct 1, 2022.
             Was a Follower of Sif Muna.
             Shot with an arrow by a centaur (9 damage)
             ... in the Dungeon (Sprint IX: "|||||||||||||||||||||||||||||").
             The game lasted 00:01:19 (332 turns).

hellse the Martial Artist (Gnoll Transmuter)         Turns: 332, Time: 00:01:19

Health: 0/70       AC:  3    Str:  9    XL:     7   Next: 81%
Magic:  11/18      EV: 14    Int: 17    God:    Sif Muna [*.....]
Gold:   0          SH:  0    Dex: 13    Spells: 12/22 levels left

rFire   x . .      SeeInvis .      - Unarmed
rCold   + + +      Faith    .    (shield currently unavailable)
rNeg    . . .      Spirit   .    (body armour currently unavailable)
rPois   +          Reflect  .    (helmet currently unavailable)
rElec   .          Harm     .    (cloak currently unavailable)
rCorr   .          Rampage  .    (gloves currently unavailable)
Will    .....      NoTele   +    (boots currently unavailable)
Stlth   +++.......               (no amulet)
HPRegen 0.31/turn                m - +3 ring of intelligence
MPRegen 0.16/turn                n - +2 ring of evasion

@: ice-form, wereblooded, corroded, hasted, very quick
A: freezing attack, amphibious, boosted hp, large, (fangs 1), strong nose,
distributed training
a: End Transformation, Renounce Religion, Channel Magic


You were in the Dungeon.
You worshipped Sif Muna.
Sif Muna was aware of your devotion.
You were a creature of crystalline ice.
You visited 1 branch

Inventory:

Armour
 a - a +0 robe (melded)
 k - a +0 pair of gloves (melded)
 l - a +0 plate armour
Jewellery
 m - a +3 ring of intelligence (left front paw)
 n - a +2 ring of evasion (right front paw)
Wands
 j - a wand of roots (10)
Scrolls
 h - 2 scrolls of blinking
 i - 2 scrolls of amnesia
Potions
 b - a potion of lignification
 c - 5 potions of curing
 d - a potion of heal wounds
 f - 4 potions of magic
 g - a potion of invisibility


   Skills:
 + Level 6.7 Fighting
 + Level 6.1 Short Blades
 + Level 6.1 Long Blades
 + Level 6.1 Axes
 + Level 6.1 Maces & Flails
 + Level 6.1 Polearms
 + Level 6.1 Staves
 + Level 6.1 Ranged Weapons
 + Level 6.1 Throwing
 + Level 6.1 Armour
 + Level 7.7 Dodging
 + Level 6.1 Stealth
 + Level 6.1 Shields
 + Level 9.1 Unarmed Combat
 + Level 8.0 Spellcasting
 + Level 5.1 Conjurations
 + Level 5.1 Hexes
 + Level 5.1 Summonings
 + Level 5.1 Necromancy
 + Level 5.1 Translocations
 + Level 6.4 Transmutations
 + Level 5.1 Fire Magic
 + Level 5.1 Ice Magic
 + Level 5.1 Air Magic
 + Level 5.1 Earth Magic
 + Level 5.1 Poison Magic
 + Level 6.7 Invocations
 + Level 6.1 Evocations


You had 12 spell levels left.
You knew the following spells:

 Your Spells              Type           Power      Damage    Failure   Level
a - Beastly Appendage     Tmut           56%        N/A       1%          1
b - Wereblood             Tmut           28%        N/A       1%          2
c - Spider Form           Tmut/Pois      26%        N/A       3%          3
d - Ice Form              Ice/Tmut       26%        N/A       10%         4

Your spell library contained the following spells:

 Spells                   Type           Power      Damage    Failure   Level


Dungeon Overview and Level Annotations

Branches:
Dungeon (1/1)

Altars:
Cheibriados
Dithmenos
Elyvilon
Fedhas
Gozag
Hepliaklqana
Kikubaaqudgha
Makhleb
Nemelex Xobeh
Okawaru
Qazlal
Ru
Sif Muna
Trog
Uskayaw
Vehumet
Wu Jian
Xom
Yredelemnul
Zin
The Shining One
Jiyva
Lugonu


Innate Abilities, Weirdness & Mutations

You are a creature of crystalline ice.
You have a powerful freezing melee attack.
You are amphibious.
Your maximum health is increased.
Your armour is entirely melded.
You are incapable of wielding weapons or throwing items.
((You have very sharp teeth.))
Your uncanny sense of smell can sniff out nearby items.
Your experience applies equally to all skills.


Message History

Your Staves skill increases to level 6!
Your Ranged Weapons skill increases to level 6!
Your Throwing skill increases to level 6!
Your Armour skill increases to level 6!
Your Stealth skill increases to level 6!
Your Shields skill increases to level 6!
Your Unarmed Combat skill increases to level 9!
Your Spellcasting skill increases to level 8!
Your Conjurations skill increases to level 5!
Your Hexes skill increases to level 5!
Your Summonings skill increases to level 5!
Your Necromancy skill increases to level 5!
Your Translocations skill increases to level 5!
Your Fire Magic skill increases to level 5!
Your Ice Magic skill increases to level 5!
Your Air Magic skill increases to level 5!
Your Earth Magic skill increases to level 5!
Your Poison Magic skill increases to level 5!
Your Evocations skill increases to level 6!
The yak barely misses you.
You hit the yak but do no damage. You punch the yak! You freeze the yak.
The yak is heavily wounded.
The yak gores you!
You hit the yak but do no damage.
The yak is heavily wounded.
The yak gores you!
* * * LOW HITPOINT WARNING * * *
You hit the yak. You freeze the yak.
The yak is heavily wounded.
You punch the yak! You freeze the yak.
The yak is almost dead.
The yak gores you!
* * * LOW HITPOINT WARNING * * *
You punch the yak! You freeze the yak.
You feel a bit better.
You kill the yak!
Sif Muna accepts your kill.
The centaur wields a +0 shortbow.
The centaur shoots an arrow.
The arrow hits you!
You die...

▓.▓
▓[▓
▓.▓
▓.▓
▓.▓
▓.▓
∆
▓'▓
∆
▓)▓
∆
▓Y▓
∆
▓†▓
▓c▓
∆
▓.▓
▓.▓
∆
▓+▓
∆ ∆
∆


You could see a centaur.

Vanquished Creatures
  A troll (D)
  A yak (D)
  An acid dragon (D)
  A gnoll sergeant (D)
  A necrophage (D)
  A wight (D)
  An iguana (D)
  A gnoll (D)
  A white imp (D)
  3 goblins (D)
  A quokka (D)
  A rat (D)
14 creatures vanquished.

Vanquished Creatures (others)
  An unseen horror (D)
1 creature vanquished.

Grand Total: 15 creatures vanquished

Notes
Turn   | Place    | Note
-------+----------+-------------------------------------------
     0 | D        | hellse the Gnoll Transmuter began the quest for the Orb.
     0 | D        | Reached XP level 1. HP: 17/17 MP: 6/6
    10 | D        | Reached skill level 5 in Spellcasting
    11 | D        | Reached skill level 1 in Invocations
    14 | D        | Reached skill level 1 in Short Blades
    14 | D        | Reached skill level 1 in Long Blades
    14 | D        | Reached skill level 1 in Axes
    14 | D        | Reached skill level 1 in Maces & Flails
    14 | D        | Reached skill level 1 in Polearms
    14 | D        | Reached skill level 1 in Staves
    14 | D        | Reached skill level 1 in Ranged Weapons
    14 | D        | Reached skill level 1 in Throwing
    14 | D        | Reached skill level 1 in Armour
    14 | D        | Reached skill level 1 in Stealth
    14 | D        | Reached skill level 1 in Shields
    14 | D        | Reached skill level 1 in Evocations
    93 | D        | Noticed an iguana
    93 | D        | Noticed a gnoll sergeant
    93 | D        | Noticed a necrophage
    97 | D        | Killed an iguana
    98 | D        | Reached skill level 5 in Dodging
    98 | D        | Reached skill level 1 in Conjurations
    98 | D        | Reached skill level 1 in Hexes
    98 | D        | Reached skill level 1 in Summonings
    98 | D        | Reached skill level 1 in Necromancy
    98 | D        | Reached skill level 1 in Translocations
    98 | D        | Reached skill level 1 in Fire Magic
    98 | D        | Reached skill level 1 in Ice Magic
    98 | D        | Reached skill level 1 in Air Magic
    98 | D        | Reached skill level 1 in Earth Magic
    98 | D        | Reached skill level 1 in Poison Magic
    98 | D        | Reached XP level 2. HP: 24/24 MP: 6/8
    98 | D        | Reached XP level 3. HP: 29/29 MP: 6/9
   104 | D        | Killed a gnoll sergeant
   105 | D        | Reached skill level 7 in Unarmed Combat
   105 | D        | Reached XP level 4. HP: 20/37 MP: 7/11
   113 | D        | Killed a necrophage
   114 | D        | Reached XP level 5. HP: 16/43 MP: 7/13
   117 | D        | Reached skill level 5 in Transmutations
   241 | D        | Found a snail-covered altar of Cheibriados.
   241 | D        | Found a shadowy altar of Dithmenos.
   241 | D        | Found a white marble altar of Elyvilon.
   241 | D        | Found a blossoming altar of Fedhas.
   241 | D        | Found an opulent altar of Gozag.
   242 | D        | Found a hazy altar of Hepliaklqana.
   243 | D        | Found a viscous altar of Jiyva.
   244 | D        | Found an ancient bone altar of Kikubaaqudgha.
   245 | D        | Found a corrupted altar of Lugonu.
   246 | D        | Found a burning altar of Makhleb.
   247 | D        | Found a sparkling altar of Nemelex Xobeh.
   248 | D        | Found an iron altar of Okawaru.
   249 | D        | Found a stormy altar of Qazlal.
   250 | D        | Found a sacrificial altar of Ru.
   251 | D        | Found a shimmering blue altar of Sif Muna.
   252 | D        | Found a bloodstained altar of Trog.
   253 | D        | Found a hide-covered altar of Uskayaw.
   254 | D        | Found a radiant altar of Vehumet.
   255 | D        | Found an ornate altar of the Wu Jian Council.
   256 | D        | Found a shimmering altar of Xom.
   257 | D        | Found a basalt altar of Yredelemnul.
   258 | D        | Found a glowing silver altar of Zin.
   259 | D        | Became a worshipper of Sif Muna the Loreminder
   260 | D        | Found a glowing golden altar of the Shining One.
   296 | D        | Learned a level 2 spell: Wereblood
   300 | D        | Learned a level 3 spell: Spider Form
   305 | D        | Learned a level 4 spell: Ice Form
   307 | D        | Noticed an acid dragon
   307 | D        | Noticed a troll
   307 | D        | Noticed a yak
   307 | D        | Noticed a centaur
   312 | D        | Killed an unseen horror
   313 | D        | Reached skill level 5 in Fighting
   313 | D        | Reached skill level 5 in Short Blades
   313 | D        | Reached skill level 5 in Long Blades
   313 | D        | Reached skill level 5 in Axes
   313 | D        | Reached skill level 5 in Maces & Flails
   313 | D        | Reached skill level 5 in Polearms
   313 | D        | Reached skill level 5 in Staves
   313 | D        | Reached skill level 5 in Ranged Weapons
   313 | D        | Reached skill level 5 in Throwing
   313 | D        | Reached skill level 5 in Armour
   313 | D        | Reached skill level 5 in Stealth
   313 | D        | Reached skill level 5 in Shields
   313 | D        | Reached skill level 8 in Unarmed Combat
   313 | D        | Reached skill level 5 in Invocations
   313 | D        | Reached skill level 5 in Evocations
   313 | D        | Reached XP level 6. HP: 38/52 MP: 9/16
   316 | D        | HP: 2/62 [acid dragon (4)]
   318 | D        | Killed an acid dragon
   319 | D        | Reached XP level 7. HP: 30/58 MP: 9/17
   325 | D        | Killed a troll
   325 | D        | Reached * piety under Sif Muna
   326 | D        | Reached skill level 9 in Unarmed Combat
   326 | D        | Reached skill level 5 in Conjurations
   326 | D        | Reached skill level 5 in Hexes
   326 | D        | Reached skill level 5 in Summonings
   326 | D        | Reached skill level 5 in Necromancy
   326 | D        | Reached skill level 5 in Translocations
   326 | D        | Reached skill level 5 in Fire Magic
   326 | D        | Reached skill level 5 in Ice Magic
   326 | D        | Reached skill level 5 in Air Magic
   326 | D        | Reached skill level 5 in Earth Magic
   326 | D        | Reached skill level 5 in Poison Magic
   332 | D        | Killed a yak
   332 | D        | Shot with an arrow by a centaur

Illustrated notes

Levels and vault maps discovered:
D:        linesprint [early_d, line_temple, items_1, d_10, items_2, lair_1,
          lair_end, items_3, orc_1, orc_end, items_4, d_15, swamp_1, shoals_1,
          snake_1, spider_1, d_20, vaults_1, items_5, swamp_end, shoals_end,
          snake_end, spider_end, vaults_end, d_27, items_6, zot_1, zot_end,
          crypt_end, forest_end, elf_end, slime_end, tomb_end, abyss_end,
          pan_hell_end]

Skill      XL: |  1  2  3  4  5  6  7 |
---------------+----------------------+-----
Spellcasting   | 5 6 7 8 |  8.0
Invocations    | 2 3 4 5 6 |  6.7
Short Blades   | 2 3 5 6 |  6.1
Long Blades    | 2 3 5 6 |  6.1
Axes           | 2 3 5 6 |  6.1
Maces & Flails | 2 3 5 6 |  6.1
Polearms       | 2 3 5 6 |  6.1
Staves         | 2 3 5 6 |  6.1
Ranged Weapons | 2 3 5 6 |  6.1
Throwing       | 2 3 5 6 |  6.1
Armour         | 2 3 5 6 |  6.1
Stealth        | 2 3 5 6 |  6.1
Shields        | 2 3 5 6 |  6.1
Evocations     | 2 3 5 6 |  6.1
Fighting       | 3 4 5 6 |  6.7
Dodging        | 5 6 7 |  7.7
Conjurations   | 1 2 3 4 5 |  5.1
Hexes          | 1 2 3 4 5 |  5.1
Summonings     | 1 2 3 4 5 |  5.1
Necromancy     | 1 2 3 4 5 |  5.1
Translocations | 1 2 3 4 5 |  5.1
Transmutations | 4 5 6 |  6.4
Fire Magic     | 1 2 3 4 5 |  5.1
Ice Magic      | 1 2 3 4 5 |  5.1
Air Magic      | 1 2 3 4 5 |  5.1
Earth Magic    | 1 2 3 4 5 |  5.1
Poison Magic   | 1 2 3 4 5 |  5.1
Unarmed Combat | 7 8 9 |  9.1

Action                   |  1- 3 |  4- 6 |  7- 9 || total
-------------------------+-------+-------+-------++-------
Melee: Unarmed           |    17 |    19 |    11 ||    47
       Kick              |     2 |       |       ||     2
       Headbutt          |     1 |       |       ||     1
       Punch             |     1 |       |       ||     1
       Bite              |       |     1 |       ||     1
 Cast: Beastly Appendage |     1 |       |       ||     1
       Ice Form          |       |     1 |       ||     1
       Wereblood         |       |     1 |       ||     1
  Use: Potion            |     1 |     2 |     1 ||     4
Armor: Robe              |     1 |       |       ||     1
       Skin              |       |     3 |       ||     3
Dodge: Dodged            |     4 |     2 |     7 ||    13

Table legend: (Time is in decaauts)
 A = Elapsed time spent in this place.
 B = Non-inter-level travel time spent in this place.
 C = Inter-level travel time spent in this place.
 D = Time resting spent in this place.
 E = Time spent auto-exploring this place.
 F = Levels seen in this place.
 G = Mean time per level.
                   A        B        C        D        E       F      G
               +--------+--------+--------+--------+--------+-----+--------+
         Total |    320 |    320 |      0 |    200 |      0 |   1 |  320.0 |
       Dungeon |    320 |    320 |      0 |    200 |      0 |   1 |  320.0 |
               +--------+--------+--------+--------+--------+-----+--------+

Top non-repeatable levels by time:
       D: 320 daAuts
